 Dungeon Crawl Stone Soup version 0.18.1-8-gdd0e5ea (console) character file.

197 zxpr0jk the Chiller (level 5, -7/38 HPs)
             Began as a Draconian Ice Elementalist on May 21, 2016.
             Mangled by a hobgoblin
             ... wielding a +1 whip of electrocution
              (9 damage)
             ... on level 3 of the Dungeon.
             The game lasted 00:17:10 (2693 turns).

zxpr0jk the Chiller (Draconian Ice Elementalist)    Turns: 2693, Time: 00:17:11

Health: -7/38      AC: 11    Str: 10    XL:     5   Next: 46%
Magic:  1/9        EV: 12    Int: 15    God:
Gold:   87         SH:  0    Dex: 13    Spells: 3 memorised, 2 levels left

rFire  . . .     SeeInvis .     n - +1 spear
rCold  . . .     Gourm    .     (armour unavailable)
rNeg   . . .     Faith    .     (no shield)
rPois  .         Spirit   .     (helmet restricted)
rElec  .         Dismiss  .     g - +0 cloak
rCorr  .         Reflect  .     (no gloves)
SustAt .         Harm     .     (no boots)
MR     .....                    (no amulet)
Stlth  ++........               (no ring)
                                (no ring)

@: icy armour, slow, not resistant to hostile enchantments, unstealthy
A: unfitting armour, cold-blooded, AC +5
a: no special abilities


You were on level 3 of the Dungeon.
You were hungry.

You visited 1 branch of the dungeon, and saw 3 of its levels.

You collected 87 gold pieces.

Inventory:

Hand Weapons
 n - a +1 spear (weapon)
Missiles
 d - 83 stones (quivered)
 h - 8 arrows
 p - 23 bolts
Armour
 g - a +0 cloak (worn)
 m - a +0 shield
Wands
 l - a wand of confusion (13/48)
Scrolls
 i - 2 scrolls of noise
 o - a scroll of immolation {unknown}
Books
 a - a book of Frost

   Spells                             Type                      Level
   a - Freeze                         Ice                          1
   b - Throw Frost                    Conjuration/Ice              2
   c - Ozocubu's Armour               Charms/Ice                   3
   d - Throw Icicle                   Conjuration/Ice              4
   e - Summon Ice Beast               Ice/Summoning                4
Comestibles
 b - 2 bread rations
 f - 2 fruits
 q - a slice of pizza
 r - a chunk of flesh


   Skills:
 - Level 1.7 Dodging
 - Level 1.7 Stealth
 + Level 3.3 Spellcasting
   Level 1.0 Conjurations
 * Level 5.4 Ice Magic


You had 2 spell levels left.
You knew the following spells:

 Your Spells              Type           Power        Failure   Level  Hunger
a - Freeze                Ice            ###.         1%          1    #......
b - Ozocubu's Armour      Chrm/Ice       ##......     21%         3    ###....
c - Summon Ice Beast      Ice/Summ       ##......     67%         4    #####..


Dungeon Overview and Level Annotations

Branches:
Dungeon (3/15)

Altars:
Ashenzari
Nemelex Xobeh
Qazlal

Annotations:
D:2 Sigmund, Terence


Innate Abilities, Weirdness & Mutations

Your plain brown scales are hard (AC +5).
Your body does not fit into most forms of armour.
You are cold-blooded and may be slowed by cold attacks.


Message History

Identify which item? (\ to view known items) (? for menu, Esc to quit)
i - 2 scrolls of noise The hobgoblin hits you but does no damage.
Read which item? (? for menu, Esc to quit)
As you read the scroll labeled BAMES OVAMU, it crumbles to dust.
It is a scroll of amnesia.
Forget which spell ([?*] list [ESC] exit)?
Forget which spell ([?*] list [ESC] exit)?
You don't know that spell.
Forget which spell ([?*] list [ESC] exit)?
Okay, then.
The hobgoblin hits you but does no damage.
Unknown command.
Read which item? (? for menu, Esc to quit)
As you read the scroll labeled YGGOOZUKEM, it crumbles to dust.
You feel blessed for a moment.
It was a scroll of remove curse.
The hobgoblin hits you with a whip of electrocution.
* * * LOW HITPOINT WARNING * * *
You are electrocuted!
You die...

#.#
#.##.#....
#.#
#.........
#.#
######....
#.# ##.##
#####.##
#.#
#...o..#
#.#
#o###..#
#'# #g#
#..# ..
#@# #(.#
#.#..o.#
#.#..(.#
#.#.((..
#..(.(.##
###(#.##
#.### #.


You could see an orc priest and a hobgoblin.

Vanquished Creatures
  A crimson imp (D:3)
  An orc priest (D:3)
  An orc wizard (D:3)
  Natasha (D:1)
  2 adders (D:3)
  2 oozes
  A worm (D:2)
  6 giant geckos
  4 orcs (D:3)
  3 bats
  3 giant cockroaches
  2 goblins (D:1)
  4 hobgoblins
  A quokka (D:3)
  A ball python (D:1)
  4 giant newts
  7 kobolds
  3 rats
47 creatures vanquished.

Notes
Turn   | Place    | Note
--------------------------------------------------------------
     0 | D:1      | zxpr0jk the Draconian Ice Elementalist began the quest for the Orb.
     0 | D:1      | Reached XP level 1. HP: 14/14 MP: 3/3
   162 | D:1      | Reached XP level 2. HP: 20/20 MP: 3/5
   697 | D:1      | Found a shattered altar of Ashenzari.
   775 | D:2      | Noticed Terence
   783 | D:2      | Noticed Natasha
   793 | D:1      | Killed Natasha
   793 | D:1      | Reached skill level 4 in Ice Magic
   793 | D:1      | Reached XP level 3. HP: 3/26 MP: 0/6
  1138 | D:1      | Learned a level 3 spell: Ozocubu's Armour
  1192 | D:2      | Noticed Sigmund
  1788 | D:3      | Reached XP level 4. HP: 26/33 MP: 0/8
  1974 | D:3      | Found a stormy altar of Qazlal.
  2545 | D:3      | Found a sparkling altar of Nemelex Xobeh.
  2560 | D:3      | Reached skill level 5 in Ice Magic
  2560 | D:3      | Reached XP level 5. HP: 34/38 MP: 6/9
  2579 | D:3      | Learned a level 4 spell: Summon Ice Beast
  2693 | D:3      | Mangled by a hobgoblin

Skill      XL: |  1  2  3  4 |
---------------+-------------+-----
Ice Magic      | 4 5 |  5.4
Spellcasting   | 3 |  3.3
Dodging        | |  1.7
Stealth        | |  1.7
Conjurations   | |  1.0

Action                   |  1- 3 |  4- 6 || total
-------------------------+-------+-------++-------
Melee: Spear             |    13 |    25 ||    38
       Tailslap          |     1 |     2 ||     3
       Whip              |     1 |       ||     1
Throw: Stone             |    86 |    28 ||   114
 Cast: Freeze            |    41 |    29 ||    70
       Ozocubu's Armour  |     1 |     2 ||     3
Evoke: Wand              |       |     6 ||     6
  Use: Potion            |     3 |     1 ||     4
       Scroll            |       |     4 ||     4
 Stab: Confused          |       |     2 ||     2
       Sleeping          |       |     1 ||     1
  Eat: Chunk             |     2 |     4 ||     6
Armor: Skin              |    19 |    31 ||    50
Dodge: Dodged            |    49 |    40 ||    89
